 Dungeon Crawl Stone Soup version 0.19-a0-188-ga21aea4 (webtiles) character file.

21093 Kidiri the Fighter (level 12, -8/108 HPs)
             Began as a Hill Orc Fighter on May 23, 2016.
             Was an Elder of Beogh.
             Killed by divine providence
             ... invoked by an orc high priest
              (10 damage)
             ... on level 2 of the Orcish Mines.
             The game lasted 00:42:27 (13301 turns).

Kidiri the Fighter (Hill Orc Fighter)              Turns: 13301, Time: 00:42:27

Health: -8/108     AC: 26    Str: 25    XL:     12   Next: 86%
Magic:  20/26      EV: 10    Int:  8    God:    Beogh [****..]
Gold:   1089       SH: 13    Dex: 11    Spells: 1 memorised, 12 levels left

rFire  . . .     SeeInvis .     z - +7 falchion "Bifips Nuvi" {flame, rN++}
rCold  + . .     Gourm    .     S - +3 chain mail
rNeg   + + +     Faith    .     c - +0 shield
rPois  .         Spirit   .     (helmet restricted)
rElec  .         Dismiss  .     l - +0 cloak
rCorr  .         Reflect  .     I - +0 pair of gloves
SustAt .         Harm     .     o - +1 pair of boots
MR     .....                    d - amulet of regeneration
Stlth  ..........               q - ring of Nanixzix {rC+ rN+ MP+9 Str+2}
                                p - +4 ring of protection

@: lethally poisoned (-8 -> -22), not resistant to hostile enchantments,
extremely unstealthy
A: antennae 1, screaming 1, shaggy fur 1, evolution 1, subdued magic 1
a: Smiting, Recall Orcish Followers, Renounce Religion


You were on level 2 of the Orcish Mines.
You worshipped Beogh.
Beogh was greatly pleased with you.
You were not hungry.

You visited 3 branches of the dungeon, and saw 14 of its levels.
You also visited: Ice Cave.

You collected 1267 gold pieces.
You spent 178 gold pieces at shops.

Inventory:

Hand Weapons
 j - a +0 blowgun
 z - the +7 falchion "Bifips Nuvi" (weapon) {flame, rN++}
   (You found it on level 5 of the Dungeon)

   It has been specially enchanted to burn those struck by it, causing extra
   injury to most foes and up to half again as much damage against particularly
   susceptible opponents.
   Big, fiery blades are also staple armaments of hydra-hunters.
   It greatly protects you from negative energy.
Missiles
 t - 3 throwing nets (quivered)
 v - 5 tomahawks
 y - 90 poisoned needles
Armour
 c - a +0 shield (worn)
 l - a +0 cloak (worn)
 n - the +0 leather armour "Xecruag" {rElec MP+9 Str+2 Dex+2}
   (You found it on level 4 of the Dungeon)

   It affects your strength (+2).
   It affects your dexterity (+2).
   It insulates you from electricity.
   It affects your magic capacity (+9).
 o - a +1 pair of boots (worn)
 D - an ice dragon hide
 H - a +2 scale mail of cold resistance
 I - a +0 pair of gloves (worn)
 S - a +3 chain mail (worn)
Jewellery
 d - an amulet of regeneration (around neck)
 p - a +4 ring of protection (left hand)
 q - the ring of Nanixzix (right hand) {rC+ rN+ MP+9 Str+2}
   (You found it on level 6 of the Dungeon)

   [ring of strength]

   It affects your strength (+2).
   It protects you from cold.
   It protects you from negative energy.
   It affects your magic capacity (+9).
 J - a +4 ring of protection
 N - an uncursed amulet of the gourmand
 O - the ring of Faggatei {MR+ SInv}
   (You found it in an ice cave)

   [ring of see invisible]

   It affects your resistance to hostile enchantments.
   It lets you see invisible.
 P - an uncursed ring of resist corrosion
 Q - the ring of Ymmojaho {rElec rF+}
   (You found it in an ice cave)

   [ring of protection from fire]

   It protects you from fire.
   It insulates you from electricity.
 V - an uncursed ring of protection from fire
Wands
 e - a wand of confusion (25/48)
 B - a wand of confusion (24/48)
 E - a wand of digging (8/24)
 G - a wand of polymorph (11/24)
 U - a wand of hasting (3/9)
Scrolls
 a - 2 scrolls of amnesia
 b - 4 scrolls of remove curse
 g - a scroll of recharging
 i - a scroll of immolation
 w - a scroll of fog
 A - 3 scrolls of teleportation
Potions
 k - 3 potions of ambrosia
 m - 4 potions of flight
 r - a potion of brilliance
 s - 2 potions of magic
 x - a potion of cure mutation
 C - a potion of cancellation
 F - 2 potions of lignification {unknown}
 K - 2 potions of might
 L - 2 potions of agility
 R - a potion of resistance {unknown}
Books
 T - a book of Party Tricks

   Spells                             Type                      Level
   a - Summon Butterflies             Summoning                    1
   b - Apportation                    Translocation                1
   c - Tukima's Dance                 Hexes                        3
   d - Alistair's Intoxication        Transmutation/Poison         5
   e - Invisibility                   Hexes                        6
Comestibles
 f - 10 bread rations
 h - 4 meat rations
 u - 4 chunks of flesh


   Skills:
 * Level 10.9 Fighting
 * Level 9.9 Long Blades
 + Level 5.4 Throwing
 * Level 10.1 Armour
 * Level 7.2 Dodging
 * Level 10.2 Shields
 * Level 1.0 Spellcasting
 + Level 0.2 Translocations
 * Level 6.7 Invocations


You had 12 spell levels left.
You knew the following spells:

 Your Spells              Type           Power        Failure   Level  Hunger
a - Apportation           Tloc           #.........   100%        1    ##.....


Dungeon Overview and Level Annotations

Branches:
Dungeon (11/15)            Temple (1/1) D:7            Lair (0/8) D:11
    Orc (2/2) D:10            Elf (0/3) Orc:2

Altars:
Ashenzari
Cheibriados
Dithmenos
Elyvilon
Fedhas
Gozag
Kikubaaqudgha
Makhleb
Nemelex Xobeh
Okawaru
Pakellas
Qazlal
Ru
Sif Muna
Trog
Vehumet
Xom
Yredelemnul
Zin
The Shining One

Shops:
D:4 *   D:7 [   Orc:2 [


Innate Abilities, Weirdness & Mutations

You have a pair of small antennae on your head.
You occasionally shout uncontrollably at your foes.
You are covered in fur. (AC +1)
You evolve.
Your spells are a little easier to cast, but a little less powerful.


Message History

Read which item? (? for menu, Esc to quit)
As you read the scroll of fear, it crumbles to dust.
You assume a fearsome visage.
The orange demon is unaffected.
The hellwing is unaffected. x2; The ice devil is unaffected.
The ogre looks frightened!
The soul eater is unaffected.
The orc warrior looks frightened!
The orc knight looks frightened! x2
The orc warlord resists with some effort.
The orc high priest easily resists.
The orc sorcerer looks frightened!
The ogre looks frightened!
The orange demon is unaffected.
You feel sick.
The orc sorcerer cowers, then darts away.
The orc warlord misses your orc wizard. The orange demon stings you!
* * * LOW HITPOINT WARNING * * *
You are lethally poisoned!
The orange demon poisons you! You block the orange demon's attack.
You block the ice devil's attack.
Your orc hits the soul eater but does no damage.
The orc high priest invokes the aid of Beogh against you.
Beogh smites you!
You die...
Beogh appreciates the orc high priest's killing of a heretic priest.

#............## #...
#.............##.....
#.......))............
#....................#
#....................#
........##...........#
.....#####.........#
..... #...$......#..
##... #....@o.....#.
.. #...4)4oo.$...
......OO34.o....
..$....oo.oP....
.......44.o..P...
.......P.........
.#..P.....8.....
#.......∩......
#....P.........


You could see an orc warlord, 2 orc knights, a soul eater, an orc high priest, 2
orange demons, 2 hellwings, an ice devil, an orc sorcerer (fleeing), an orc
warrior (fleeing), 2 ogres, a friendly orc wizard and a friendly orc.

Vanquished Creatures
  An orc warlord (Orc:1)
  2 ice dragons (IceCv)
  A tengu warrior (D:11)
  A wizard (D:11)
  An ugly thing (D:11)
  Pikel (D:5)
  A cyclops (D:10)
  A manticore (D:11)
  4 hill giants
  A griffon (D:11)
  Maurice (D:8)
  2 ice statues (IceCv)
  A komodo dragon (D:11)
  A polar bear (D:8)
  2 trolls (D:10)
  A vampire (D:11)
  A hungry ghost (D:10)
  6 yaks
  A mottled dragon (D:11)
  2 hippogriffs
  The ghost of DEFE the Skirmisher, an amateur DEFi of Jiyva (D:4)
  A warg (Orc:1)
  Duvessa (D:4)
  3 necrophages
  19 ice beasts
  4 sky beasts
  5 orc warriors
  2 phantoms
  2 slaves (D:5)
  A black bear (D:8)
  13 ogres
  The ghost of Duffy the Chopper, an amateur MiSk (D:3)
  8 centaurs
  2 wolves
  A crocodile (D:11)
  A big kobold (D:5)
  Blork the orc (D:4)
  5 giant frogs
  A wyvern skeleton (D:10)
  4 scorpions
  7 killer bees
  2 howler monkeys (D:4)
  An electric eel (D:8)
  4 crimson imps
  A giant frog zombie (D:8)
  A centaur zombie (D:7)
  3 quasits
  A wyvern simulacrum (D:8)
  3 orc priests
  Crazy Yiuf (D:4)
  3 jellies
  2 centaur skeletons
  7 orc wizards
  Ijyb (D:3)
  A giant frog skeleton (D:10)
  2 iguanas
  9 worker ants
  2 hound zombies
  A worker ant zombie (D:7)
  9 gnolls
  9 adders
  2 river rats (D:11)
  2 shadow imps
  A white imp (D:8)
  An ufetubus (D:8)
  2 oozes (D:2)
  2 adder skeletons
  An adder zombie (D:3)
  2 worms (D:3)
  2 dart slugs
  8 giant geckos
  30 orcs
  5 giant cockroaches
  9 goblins
  A hobgoblin (D:1)
  13 jackals
  16 bats
  6 giant newts
  2 gnoll zombies (D:7)
  A jackal skeleton (D:3)
  12 kobolds
  2 quokka zombies
  11 rats
  6 bushes (D:5)
  3 plants (D:5)
318 creatures vanquished.

Vanquished Creatures (collateral kills)
  Snorg (D:10)
  A hydra (D:10)
  Erica (D:9)
  A centaur skeleton (D:11)
  A troll (Orc:1)
  2 orc warriors
  A spriggan (D:9)
  A yak (D:10)
  Grum (D:11)
  A warg (Orc:1)
  A sky beast (D:11)
  An ogre (Orc:1)
  2 wolves (D:11)
  A giant frog (D:11)
  A wyvern skeleton (D:9)
  A water moccasin skeleton (D:10)
  An orc priest (Orc:1)
  A giant frog skeleton (D:9)
  2 hound skeletons
  3 orcs
  A bat (D:11)
  2 rats (D:11)
  A fungus (Orc:2)
29 creatures vanquished.

Vanquished Creatures (others)
  An orc sorcerer (D:10)
  4 orc warriors
  Dowan (D:4)
  5 orc priests
  An orc wizard (Orc:1)
  A worker ant (D:5)
  16 orcs
  A giant newt (D:4)
  5 fungi
35 creatures vanquished.

Grand Total: 382 creatures vanquished

Notes
Turn   | Place    | Note
--------------------------------------------------------------
     0 | D:1      | Kidiri the Hill Orc Fighter began the quest for the Orb.
     0 | D:1      | Reached XP level 1. HP: 19/19 MP: 1/1
   241 | D:1      | Reached XP level 2. HP: 27/27 MP: 2/2
   559 | D:2      | Reached XP level 3. HP: 33/33 MP: 3/3
   598 | D:2      | Found a faded altar to an unknown god.
   848 | D:2      | Found an iron altar of Okawaru.
  1134 | D:3      | Reached XP level 4. HP: 25/41 MP: 4/4
  1173 | D:3      | Noticed Duffy's ghost (amateur MiSk)
  1333 | D:3      | Found a radiant altar of Vehumet.
  1384 | D:3      | Noticed Ijyb
  1402 | D:3      | Killed Ijyb
  1402 | D:3      | Reached XP level 5. HP: 33/47 MP: 5/5
  1413 | D:3      | Killed Duffy's ghost
  1413 | D:3      | Reached skill level 1 in Throwing
  1413 | D:3      | Reached skill level 1 in Dodging
  1873 | D:3      | Found a snail-covered altar of Cheibriados.
  1886 | D:3      | Reached XP level 6. HP: 55/55 MP: 6/6
  2469 | D:4      | Noticed DEFE's ghost (amateur DEFi)
  2499 | D:4      | Killed DEFE's ghost
  2499 | D:4      | Reached skill level 5 in Fighting
  2772 | D:4      | Reached XP level 7. HP: 36/61 MP: 7/7
  2821 | D:4      | Noticed Crazy Yiuf
  2887 | D:4      | Reached skill level 5 in Armour
  2940 | D:4      | Reached skill level 5 in Shields
  2953 | D:4      | Noticed Duvessa
  2954 | D:4      | Noticed Dowan
  2972 | D:4      | Killed Duvessa
  2980 | D:4      | Became a worshipper of Beogh the Brigand
  2993 | D:4      | Killed Crazy Yiuf
  3109 | D:4      | Killed Dowan
  3109 | D:4      | Reached XP level 8. HP: 70/70 MP: 8/8
  3235 | D:4      | Got a bloodstained flail
  3236 | D:4      | Identified the cursed +1 flail "Cyom" {crush, rF+++ rC- Int+7} (You found it on level 4 of the Dungeon)
  3269 | D:4      | Got a brightly glowing leather armour
  3297 | D:4      | Identified the cursed +0 leather armour "Xecruag" {rElec MP+9 Str+2 Dex+2} (You found it on level 4 of the Dungeon)
  3385 | D:4      | Found a shadowy altar of Dithmenos.
  3415 | D:4      | Found a sacrificial altar of Ru.
  3425 | D:4      | Noticed Blork the orc
  3440 | D:4      | Killed Blork the orc
  3515 | D:4      | Found Gozag's Platinum Reserve.
  3523 | D:4      | Found an opulent altar of Gozag.
  3726 | D:4      | Found a deep blue altar of Sif Muna.
  3828 | D:4      | Reached skill level 1 in Invocations
  4389 | D:5      | Entered Level 5 of the Dungeon
  4513 | D:5      | Got a smoking falchion
  4525 | D:5      | Identified the +7 falchion "Bifips Nuvi" {flame, rN++} (You found it on level 5 of the Dungeon)
  4531 | D:5      | Reached skill level 5 in Long Blades
  4621 | D:5      | Noticed Pikel
  4637 | D:5      | Killed Pikel
  4667 | D:5      | Reached * piety under Beogh
  4671 | D:5      | Reached XP level 9. HP: 71/78 MP: 10/10
  5700 | D:6      | Found a shattered altar of Ashenzari.
  5723 | D:6      | Got a fine pewter ring
  5728 | D:6      | Identified the ring of Nanixzix {rC+ rN+ MP+9 Str+2} (You found it on level 6 of the Dungeon)
  6148 | D:6      | Found a snail-covered altar of Cheibriados.
  6223 | D:6      | Reached ** piety under Beogh
  6470 | D:7      | Found a staircase to the Ecumenical Temple.
  6479 | Temple   | Entered the Ecumenical Temple
  6811 | D:7      | Found a shimmering altar of Xom.
  6905 | D:7      | Reached XP level 10. HP: 82/88 MP: 12/12
  6950 | D:7      | Noticed an orb spider
  6970 | D:7      | Found Xammo's Antique Armour Boutique.
  6973 | D:7      | Bought a glowing scale mail for 84 gold pieces
  6973 | D:7      | Bought a pair of gloves for 94 gold pieces
  7110 | D:7      | Found a basalt altar of Yredelemnul.
  7177 | D:7      | Found a shimmering altar of Xom.
  7177 | D:7      | Found a shimmering altar of Xom.
  7177 | D:7      | Found a shimmering altar of Xom.
  7177 | D:7      | Noticed a shining eye
  7179 | D:7      | Found a shimmering altar of Xom.
  7192 | D:7      | Noticed a swamp dragon
  7192 | D:7      | a shining eye changed into a swamp dragon
  7566 | D:8      | Noticed Maurice
  7581 | D:8      | Killed Maurice
  7647 | D:8      | Reached *** piety under Beogh
  7789 | D:8      | Reached skill level 5 in Dodging
  8635 | D:9      | Noticed Erica
  8642 | D:9      | Killed Erica
  8736 | D:9      | You fall through a shaft for 2 floors!
  8759 | D:11     | Noticed a wizard
  8774 | D:11     | Killed a wizard
  8774 | D:11     | Reached XP level 11. HP: 76/95 MP: 14/14
  8785 | D:11     | Noticed a hill giant
  8807 | D:11     | Killed a hill giant
  8882 | D:11     | Noticed a cyan ugly thing
  8886 | D:11     | Noticed a manticore
  9006 | D:11     | Reached **** piety under Beogh
  9053 | D:11     | Killed a cyan ugly thing
  9053 | D:11     | Reached skill level 5 in Invocations
  9072 | D:11     | Killed a manticore
  9091 | D:11     | Found a frozen archway.
  9100 | IceCv    | Entered an ice cave
  9715 | IceCv    | Noticed an ice dragon
  9718 | IceCv    | Noticed an ice dragon
  9741 | IceCv    | Killed an ice dragon
  9756 | IceCv    | Killed an ice dragon
  9913 | IceCv    | Got an ancient platinum ring
  9917 | IceCv    | Got a clouded bone ring
  9948 | IceCv    | Identified the ring of Faggatei {MR+ SInv} (You found it in an ice cave)
  9952 | IceCv    | Identified the ring of Ymmojaho {rElec rF+} (You found it in an ice cave)
 10160 | D:11     | Noticed a hill giant
 10162 | D:11     | Noticed a hill giant
 10164 | D:11     | Killed a hill giant
 10176 | D:11     | Killed a hill giant
 10181 | D:11     | Reached XP level 12. HP: 86/106 MP: 16/16
 10187 | D:11     | Gained mutation: You are covered in fur. (AC +1) [mutagenic meat]
 10188 | D:11     | Gained mutation: Your spells are a little easier to cast, but a little less powerful. [mutagenic meat]
 10189 | D:11     | Gained mutation: You occasionally shout uncontrollably at your foes. [mutagenic meat]
 10190 | D:11     | Gained mutation: You evolve. [mutagenic meat]
 10211 | D:11     | Gained Orik as an ally
 10219 | D:11     | Gained mutation: You have a pair of small antennae on your head. [evolution]
 10276 | D:11     | Found a staircase to the Lair.
 10317 | D:11     | Noticed a tengu warrior
 10336 | D:11     | Killed a tengu warrior
 10336 | D:11     | Reached skill level 10 in Fighting
 10740 | D:11     | Noticed Grum
 10765 | D:11     | Killed Grum
 11048 | D:10     | Entered Level 10 of the Dungeon
 11048 | D:10     | Found a staircase to the Orcish Mines.
 11048 | D:10     | Noticed Snorg
 11063 | D:10     | Killed Snorg
 11063 | D:10     | Reached skill level 5 in Throwing
 11221 | D:10     | Noticed a five-headed hydra
 11228 | D:10     | Killed a four-headed hydra
 11237 | D:10     | Your ally Orik died
 11638 | D:10     | Reached skill level 10 in Shields
 12108 | D:9      | Found a burning altar of Makhleb.
 12145 | D:9      | Found a white marble altar of Elyvilon.
 12153 | D:9      | Found a stormy altar of Qazlal.
 12268 | D:9      | Learned a level 1 spell: Apportation
 12472 | D:9      | Gained Bolgrim as an ally
 12492 | D:9      | Found an oddly glowing altar of Pakellas.
 12509 | D:9      | Reached skill level 10 in Armour
 12834 | Orc:1    | Entered Level 1 of the Orcish Mines
 12848 | Orc:1    | Noticed an orc warlord
 12862 | Orc:1    | Killed an orc warlord
 12944 | Orc:1    | Reached ***** piety under Beogh
 13098 | Orc:1    | Reached skill level 1 in Spellcasting
 13247 | Orc:2    | Entered Level 2 of the Orcish Mines
 13247 | Orc:2    | Found a staircase to the Elven Halls.
 13285 | Orc:2    | Noticed an orc warlord
 13286 | Orc:2    | Found Timuucr Ylokh's Antique Armour Shop.
 13286 | Orc:2    | Noticed an orc high priest
 13290 | Orc:2    | Noticed a soul eater
 13301 | Orc:2    | HP: 2/108 [orange demon[an orc high priest] (9)]
 13301 | Orc:2    | Killed from afar by an orc high priest

Vault maps used:
D:1:      scummos_arrival_simple_crosswalls, hangedman_glass_teeth
D:2:      okawaru_metal_pillars_3, ecumenical_altar_2
D:3:      overflow_temple_1_default, overflow_temple_1_default, first_bread,
          serial_undead, serial_undead_e, serial_undead_b, serial_undead_a,
          serial_undead_e, serial_undead_a, serial_undead_a,
          grunt_decor_clamped, uniq_iyjb
D:4:      lemuel_blue_sif_altar, lemuel_coloured_pillars_altar,
          nicolae_ru_great_annihilating_truth, nicolae_gozag_zags_fifth_avenue,
          minmay_misc_feat_four_crosses, uniq_crazy_yiuf_cottage, uniq_duvessa,
          uniq_blork_the_orc
D:5:      lexackson_kobold_supper, uniq_pikel
D:6:      cheibrodos_ashenzari_chains, basic_altar
D:7:      xom_shifter_show, lemuel_zombie_altar_yredelemnul, temple_fountains,
          serial_shops, kennysheep_mini
D:8:      serial_ice, serial_ice_l, serial_ice_a, serial_ice_c, serial_ice_b,
          minmay_misc_feat_x, uniq_maurice
D:9:      nicolae_overflow_hidden_temple, lemuel_crystal_altar,
          kennysheep_little_box, overflow_temple_1_default, the_bakery,
          uniq_erica
D:10:     orc_0_dummy, minmay_radiant, uniq_snorg
D:11:     minmay_diamond_stairs, grunt_lair_entry_orc_guard_hut,
          portal_ice_cave_entry_pillars_02, uniq_grum
Temple:   hc_temple_tempest_star_small
Orc:1:    library_closet
Orc:2:    grunt_orc_gardens, grunt_orc_garden, grunt_orc_garden,
          grunt_orc_garden, grunt_orc_garden, nooodl_orcs_dogs, uniq_sonja
IceCv:    ice_cave_small_dragons

Skill      XL: |  1  2  3  4  5  6  7  8  9 10 11 12 |
---------------+-------------------------------------+-----
Fighting       | 4 5 6 7 8 9 10 | 10.9
Long Blades    | 3 4 5 6 7 9 |  9.9
Armour         | 4 5 6 7 8 9 10 | 10.1
Shields        | 4 5 6 7 8 9 10 | 10.2
Throwing       | 1 2 3 4 5 |  5.4
Dodging        | 1 2 3 4 5 6 7 |  7.2
Invocations    | 2 3 4 5 6 |  6.7
Spellcasting   | 1 |  1.0
Translocations | |  0.2

Action                   |  1- 3 |  4- 6 |  7- 9 | 10-12 || total
-------------------------+-------+-------+-------+-------++-------
Melee: Long sword        |    91 |   239 |   132 |       ||   462
       Flail             |       |       |    87 |       ||    87
       Falchion          |       |       |   433 |   724 ||  1157
 Fire: Blowgun           |       |       |     7 |       ||     7
Invok: Convert to Beogh  |       |       |     1 |       ||     1
       Recall Orcish Fol |       |       |       |     1 ||     1
       Smiting           |       |       |       |     4 ||     4
Evoke: Wand              |       |       |       |     1 ||     1
  Use: Scroll            |       |    12 |     8 |     9 ||    29
       Potion            |       |     2 |     4 |     5 ||    11
 Stab: Paralysed         |       |       |     1 |     1 ||     2
       Invisible         |       |       |     1 |       ||     1
       Distracted        |       |       |       |     1 ||     1
  Eat: Chunk             |     1 |     6 |     4 |    32 ||    43
       Fruit             |       |       |     5 |       ||     5
       Pizza             |       |       |     2 |     1 ||     3
       Meat ration       |       |       |     1 |       ||     1
       Beef jerky        |       |       |       |     1 ||     1
       Royal jelly       |       |       |       |     1 ||     1
Armor: Scale mail        |    43 |   126 |   126 |   316 ||   611
       Leather armour    |       |       |    18 |       ||    18
       Ice dragon hide   |       |       |       |     5 ||     5
       Chain mail        |       |       |       |    13 ||    13
Dodge: Dodged            |    31 |    81 |   148 |   332 ||   592
Block: Shield            |    53 |   136 |   243 |   506 ||   938
